 Dungeon Crawl Stone Soup version 0.32-a0-876-gcfddb08e57 (webtiles) character file.

Game seed: 6095214105220411246

88 ragingrage the Cutter (level 4, -2/26 HPs)
             Began as a Kobold Warper on Mar 31, 2024.
             Slain by an orc
             ... wielding a +0 club
              (5 damage)
             ... on level 3 of the Dungeon.
             The game lasted 00:04:17 (2203 turns).

ragingrage the Cutter (Kobold Warper)               Turns: 2203, Time: 00:04:18

Health: -2/26      AC:  4    Str:  8    XL:     4   Next: 82%
Magic:  7/7        EV: 13    Int: 14    God:
Gold:   144        SH:  0    Dex: 16    Spells: 4/7 levels left

rFire   . . .        a - +0 short sword
rCold   . . .        (no shield)
rNeg    . . .        b - +0 leather armour
rPois   .            (no helmet)
rElec   .            q - +0 cloak
rCorr   .            (no gloves)
SInv    .            (no boots)
Will    .....        (no amulet)
Stlth   +++          (no ring)
HPRegen 0.24/turn    (no ring)
MPRegen 0.10/turn

%: no passive effects
@: invisible
A: small, no large weapons, nightstalker 3
a: no special abilities


You were on level 3 of the Dungeon.
You visited 1 branch of the dungeon, and saw 3 of its levels.

You collected 144 gold pieces.

Inventory:

Hand Weapons
 a - a +0 short sword (weapon)
Missiles
 d - 7 darts of dispersal (quivered)
Armour
 b - a +0 leather armour (worn)
 q - a +0 cloak (worn)
Jewellery
 o - a ring of ice
Scrolls
 c - 2 scrolls of blinking
 e - a scroll of vulnerability
 g - a scroll of teleportation
 h - a scroll of fear {unknown}
 i - a scroll of fog {unknown}
 k - a scroll of acquirement {unknown}
 l - a scroll of enchant weapon
 p - a scroll of revelation
Potions
 f - a potion of berserk rage
 j - a potion of lignification {unknown}
 m - a potion of invisibility
 n - a potion of curing {unknown}
 r - a potion of ambrosia {unknown}


   Skills:
 - Level 2.1 Fighting
 + Level 4.9 Short Blades
 - Level 1.1 Throwing
 - Level 0.7 Armour
 - Level 2.4 Dodging
 - Level 3.0 Stealth
 - Level 2.1 Spellcasting
 + Level 0.7 Conjurations
 - Level 3.0 Translocations
 + Level 0.7 Alchemy


You had 4 spell levels left.
You knew the following spells:

 Your Spells              Type           Power      Damage    Failure   Level
a - Blink                 Tloc           18%        N/A       14%         2
b - Sting                 Conj/Alch      12%        1d3       26%         1

Your spell library contained the following spells:

 Spells                   Type           Power      Damage    Failure   Level
 Apportation              Tloc           18%        N/A       10%         1
 Lesser Beckoning         Tloc           18%        N/A       14%         2
 Teleport Other           Tloc           9%         N/A       28%         3
 Necrotise                Necr           4%         1d4       32%         1
 Summon Small Mammal      Summ           4%         N/A       32%         1
 Maxwell's Portable Pile  Tloc           9%         2d(6-12)  67%         4
 Vhi's Electric Charge    Tloc/Air       10%        N/A       87%         4


Dungeon Overview and Level Annotations

Branches:
Dungeon (3/15)

Altars:

Annotations:
D:2 Natasha
D:3 exclusions: goblin, 2 orcs and river rat


Innate Abilities, Weirdness & Mutations

You are small and have problems with some larger weapons.
You are completely attuned to the shadows.


Message History

There are monsters nearby!
The helpless orc fails to defend itself.
You impale the orc!!
You kill the orc!
The orc wizard shouts!
The orc shouts!
The orc throws a boomerang.
The boomerang hits you.
You hit the orc wizard but do no damage.
You closely miss the orc wizard.
The orc wizard hits you with a +0 dagger.
You closely miss the orc wizard.
The orc wizard hits you with a +0 dagger.
You hit the orc wizard. The orc wizard closely misses you.
You closely miss the orc wizard.
The orc wizard hits you with a +0 dagger.
You closely miss the orc wizard. You hit the orc wizard.
The orc wizard barely misses you.
You hit the orc wizard.
The orc wizard points at you and mumbles some strange words.
The magic dart hits you!
You hit the orc wizard.
The orc wizard hits you with a +0 dagger.
It was a potion of invisibility.
You fade into invisibility!
The orc wizard barely misses you.
You hit the orc wizard. The orc wizard misses you.
You catch the helpless orc wizard completely off-guard!
You puncture the orc wizard!
You kill the orc wizard!
An orc comes into view. It is wielding a +0 club.
The orc misses you.
The orc throws a boomerang.
The boomerang barely misses the orc.
The boomerang misses you.
Items here: )) [[ †.
You barely miss the orc. The orc hits you with a +0 club.
* * * LOW HITPOINT WARNING * * *
The orc hits you but does no damage.
You barely miss the orc. The orc hits you with a +0 club.
* * * LOW HITPOINT WARNING * * *
The orc throws a boomerang.
The boomerang closely misses the orc.
The boomerang barely misses you. The orc hits you with a +0 club.
You die...

#.#####.....
#. #.####.
#.
####.##...
.........#
..
.###.###..
#. #...#
.##.
###.##.#
....
.#####.....
#..
...o@.....#
.#. #.#
.o#o#####.#
...###.. #.
.. #.....<
## #..#...
#.#....#.
#......#.
#.#.####. #.
. #.


You could see 3 orcs.

Vanquished Creatures
  An orc wizard (D:3)
  2 adders
  2 dart slugs (D:1)
  An orc (D:3)
  2 ball pythons
  5 endoplasms
  A giant cockroach (D:2)
  2 goblins
  2 hobgoblins (D:3)
  2 quokkas
  5 bats
  4 frilled lizards (D:1)
  5 kobolds
  9 rats
43 creatures vanquished.

Notes
Turn   | Place    | Note
-------+----------+-------------------------------------------
     0 | D:1      | ragingrage the Kobold Warper began the quest for the Orb.
     0 | D:1      | Reached XP level 1. HP: 12/12 MP: 3/3
    86 | D:1      | Reached skill level 1 in Stealth
    89 | D:1      | Reached skill level 3 in Short Blades
   119 | D:1      | Reached XP level 2. HP: 6/17 MP: 5/5
   816 | D:2      | Noticed Natasha
   889 | D:2      | Reached XP level 3. HP: 21/21 MP: 6/6
  1208 | D:3      | Reached skill level 4 in Short Blades
  1213 | D:3      | HP: 1/21 [poisoned by an adder]
  1643 | D:2      | Reached XP level 4. HP: 26/26 MP: 7/7
  1741 | D:2      | Found a faded altar of an unknown god.
  2096 | D:3      | Learned a level 2 spell: Blink
  2098 | D:3      | Learned a level 1 spell: Sting
  2203 | D:3      | Slain by an orc

Illustrated notes

Levels and vault maps discovered:
D:1:      roadster_arrival_rocket_small, layout_basic
D:2:      layout_basic, chequers_ecumenical_altar_grove, uniq_natasha
D:3:      cheibrodos_pilgrimage, layout_basic, lightli_sewer_entry_pipes,
          minmay_fractal_squares_5

Skill      XL: |  1  2  3 |
---------------+----------+-----
Stealth        | 1 2 3 |  3.0
Short Blades   | 3 4 |  4.9
Fighting       | |  2.1
Throwing       | |  1.1
Armour         | |  0.7
Dodging        | |  2.4
Spellcasting   | |  2.1
Conjurations   | |  0.7
Translocations | |  3.0
Alchemy        | |  0.7

Action                     |  1- 3 |  4- 6 || total
---------------------------+-------+-------++-------
  Melee: Short sword       |   116 |    25 ||   141
    Use: Scroll            |     1 |     3 ||     4
         Potion            |     1 |     1 ||     2
   Stab: Sleeping          |    12 |     4 ||    16
         Invisible         |       |     1 ||     1
 Armour: Leather armour    |    37 |    13 ||    50
  Dodge: Dodged            |    49 |     8 ||    57

Table legend: (Time is in decaauts)
 A = Elapsed time spent in this place.
 B = Non-inter-level travel time spent in this place.
 C = Inter-level travel time spent in this place.
 D = Time resting spent in this place.
 E = Time spent auto-exploring this place.
 F = Levels seen in this place.
 G = Mean time per level.
                   A        B        C        D        E       F      G
               +--------+--------+--------+--------+--------+-----+--------+
         Total |   2183 |   2036 |    147 |    175 |   1486 |   3 |  727.7 |
       Dungeon |   2183 |   2036 |    147 |    175 |   1486 |   3 |  727.7 |
               +--------+--------+--------+--------+--------+-----+--------+

Top non-repeatable levels by time:
     D:1: 845 daAuts
     D:3: 677 daAuts
     D:2: 660 daAuts
